 Dungeon Crawl Stone Soup version 0.28-b1-25-g9875b3fc8c (webtiles) character file.

Game seed: 17123759019170489888

29278 LLlMATKO the Cleaver (level 13, 0/115 (117) HPs)
             Began as a Minotaur Berserker on Feb 6, 2022.
             Was a High Priest of Trog.
             Slain by a hellwing (6 damage)
             ... on level 13 of the Dungeon.
             The game lasted 00:21:05 (16426 turns).

LLlMATKO the Cleaver (Minotaur Berserker)          Turns: 16426, Time: 00:21:05

HP:   0/115 (117)   AC: 19    Str: 26    XL:     13   Next: 14%
MP:   12/12         EV: 17    Int:  4    God:    Trog [*****.]
Gold: 2111          SH: 12    Dex: 15    Spells: 12/12 levels left

rFire   . . .      SeeInvis +   w - +0 broad axe (freeze)
rCold   . . .      Faith    .   e - +0 buckler
rNeg    . . .      Spirit   .   k - +3 leather armour of Rycenugu {Str+4}
rPois   .          Reflect  +   H - +1 hat
rElec   .          Harm     .   t - +0 cloak
rCorr   .          Rampage  .   F - +2 pair of gloves
Will    .....                   r - +0 pair of boots
Stlth   +.........              y - amulet of reflection
HPRegen 0.29/turn               C - ring of see invisible
MPRegen 0.13/turn               n - +4 ring of protection

@: lightly drained
A: horns 2, retaliatory headbutt
a: Renounce Religion, Berserk, Trog's Hand, Brothers in Arms


You were on level 13 of the Dungeon.
You worshipped Trog.
Trog was extremely pleased with you.
You visited 1 branch of the dungeon, and saw 13 of its levels.

You collected 2194 gold pieces.
You spent 83 gold pieces at shops.

Inventory:

Hand Weapons
 q - a +0 hand crossbow of flaming
 w - a +0 broad axe of freezing (weapon)
 A - a +0 whip of electrocution
Missiles
 d - 112 bolts
 i - 38 poisoned darts (quivered)
 D - a curare-tipped dart
 E - 11 boomerangs
Armour
 e - a +0 buckler (worn)
 k - the +3 leather armour of Rycenugu (worn) {Str+4}
   (You found it on level 3 of the Dungeon)

   Str:       It affects your strength (+4).
 r - a +0 pair of boots (worn)
 t - a +0 cloak (worn)
 F - a +2 pair of gloves (worn)
 H - a +1 hat (worn)
Jewellery
 n - a +4 ring of protection (right hand)
 x - a ring of fire
 y - an amulet of reflection (around neck)
 z - a ring of protection from fire
 C - a ring of see invisible (left hand)
Wands
 b - a wand of polymorph (18)
 c - a wand of acid (2)
 o - a wand of flame (19)
 B - a wand of iceblast (7)
 I - a wand of mindburst (7)
 J - a wand of digging (13)
Scrolls
 a - a scroll of magic mapping
 f - 2 scrolls of immolation
 g - a scroll of enchant armour
 j - 3 scrolls of teleportation
 m - 2 scrolls of blinking {unknown}
 s - a scroll of fog
 u - 4 scrolls of identify
 v - a scroll of holy word {unknown}
Potions
 h - 2 potions of haste
 l - 6 potions of curing
 p - 3 potions of flight
 K - a potion of resistance
 L - a potion of ambrosia
 M - a potion of heal wounds {unknown}


   Skills:
 + Level 11.9 Fighting
 + Level 12.1 Axes
 + Level 9.7 Crossbows
 + Level 11.2 Armour
 + Level 10.5 Dodging
 + Level 10.9 Shields


You had 12 spell levels left.
You didn't know any spells.
Your spell library was empty.

Dungeon Overview and Level Annotations

Branches:
Dungeon (13/15)            Temple (0/1) D:6            Lair (0/6) D:9
    Orc (0/2) D:10
 Vaults: D:13-14

Altars:
Fedhas
Gozag
Trog
Uskayaw
Yredelemnul
Zin

Shops:
D:1 (


Innate Abilities, Weirdness & Mutations

You have a pair of horns on your head.
You reflexively headbutt those who attack you in melee.


Message History

* * * LOW HITPOINT WARNING * * *
You slice the obsidian statue!!
You break out of your daze!
You destroy the obsidian statue!
Trog accepts your kill.
The crimson imp disappears in a puff of smoke!
The chaos spawn degenerates into a cloud of primal chaos!
The crimson imp disappears in a puff of smoke!
The ice devil disappears in a puff of smoke!
The sixfirhy disappears in a puff of smoke!
You hit the hellwing but do no damage. You block the hellwing's attack.
The hellwing barely misses you.
You closely miss the soul eater. Your headbutt misses the soul eater.
You barely miss the hellwing.
The soul eater hits you but does no damage.
The hellwing hits you but does no damage. x2
The ynoxinul gestures.
Unknown command.
You hit the soul eater but do no damage.
You hit the hellwing. You freeze the hellwing. You hit the ufetubus.
The soul eater hits you!
* * * LOW HITPOINT WARNING * * *
You feel drained.
* * * LOW HITPOINT WARNING * * *
The ufetubus closely misses you. The ufetubus barely misses you.
You block the hellwing's attack. The hellwing hits you.
* * * LOW HITPOINT WARNING * * *
The ynoxinul gestures.
You hit the soul eater.
Flame seeps out of the soul eater.
You headbutt the soul eater, but do no damage.
The soul eater is lightly wounded.
You slash the ufetubus! You freeze the ufetubus.
You kill the ufetubus!
The ufetubus disappears in a puff of smoke!
You closely miss the hellwing.
The soul eater is engulfed in blazing flames.
Flame seeps out of the soul eater.
The soul eater hits you.
* * * LOW HITPOINT WARNING * * *
You block the hellwing's attack. The hellwing hits you.
You die...

####.##.###
#...[.......# #.##...#
#######+..###
#.###..############.#
#.# #...≈.≈.§≈≈#≈...#
#.# #≈.≈.≈.≈§.§#..^.#
####'###########§≈#<.###
.......# #.5553#§$#..#
.......# (.55453§.#.≈#
..#.#..# 55R#@4#..#
.......#########(≈#<.###
..#.#..#≈.≈.≈.≈§°≈#....#
.......#...≈.≈.≈≈≈#≈...#
.......#..############.#
....................##.#
#############..........#
############


You could see a soul eater (inner flame), 2 hellwings, a ynoxinul (inner flame),
an iron imp (inner flame), a quasit (inner flame), a white imp (inner flame) and
3 ufetubi.

Vanquished Creatures
  Gastronok (D:8)
  Erolcha (D:12)
  3 hydras
  3 centaur warriors
  8 two-headed ogres
  A death knight (D:13)
  Erica (D:8)
  Nergalle (D:12)
  An obsidian statue (D:13)
  Pikel (D:7)
  3 deep elf pyromancers
  A manticore (D:12)
  2 cyclopes
  An ugly thing (D:11)
  Maurice (D:9)
  An unseen horror (D:12)
  Maggie (D:7)
  Psyche (D:9)
  3 trolls (D:11)
  3 meliai (D:12)
  Prince Ribbit (D:7)
  A hornet (D:10)
  A meliai zombie (D:11)
  A vampire (D:11)
  5 shadows
  3 wraiths
  3 wyverns
  5 yaks
  9 vampire mosquitoes
  3 wargs (D:9)
  3 acid dragons
  A water moccasin (D:7)
  3 black bears
  6 orc warriors
  An ice beast (D:8)
  A sky beast (D:5)
  A necrophage (D:7)
  2 ogres
  9 centaurs
  2 phantoms
  A lemure (D:7)
  4 kobold brigands
  2 bullfrogs
  A scorpion (D:5)
  A gnoll sergeant (D:9)
  A wyvern skeleton (D:7)
  15 killer bees
  A crimson imp (D:13)
  6 centaur zombies
  A bullfrog zombie (D:4)
  2 centaur skeletons
  3 hounds
  6 orc priests
  Crazy Yiuf (D:3)
  Natasha (thrice) (D:2)
  An iguana (D:5)
  8 orc wizards
  2 gnoll shamans
  Robin (D:2)
  6 adders
  13 gnolls
  A howler monkey skeleton (D:7)
  A shadow imp (D:8)
  A white imp (D:5)
  An adder skeleton (D:4)
  A worm (D:4)
  40 orcs
  5 endoplasms
  7 giant cockroaches
  14 goblins
  17 hobgoblins
  7 jackals
  18 kobolds
  2 quokkas (D:4)
  8 ball pythons
  4 bats
  2 frilled lizards
  5 rats
312 creatures vanquished.

Vanquished Creatures (others)
  A large abomination (D:13)
  A manticore (D:13)
  A shadow imp (D:13)
  A white imp (D:13)
  37 plants
41 creatures vanquished.

Grand Total: 353 creatures vanquished

Notes
Turn   | Place    | Note
-------+----------+-------------------------------------------
     0 | D:1      | LLlMATKO the Minotaur Berserker began the quest for the
                  | Orb.
     0 | D:1      | Reached XP level 1. HP: 19/19 MP: 0/0
   233 | D:1      | Found Huiwnaci's Weapon Shoppe.
   237 | D:1      | Reached XP level 2. HP: 26/27 MP: 1/1
   278 | D:1      | Reached skill level 4 in Axes
   867 | D:1      | Reached XP level 3. HP: 31/33 MP: 2/2
  1020 | D:2      | Noticed Robin
  1026 | D:2      | Reached ** piety under Trog
  1030 | D:2      | Killed Robin
  1031 | D:2      | Reached XP level 4. HP: 38/41 MP: 3/3
  1145 | D:2      | You fall into a shaft and drop 1 floor!
  1175 | D:2      | Noticed Natasha
  1182 | D:2      | Killed Natasha
  1183 | D:2      | Reached skill level 5 in Axes
  1572 | D:2      | Noticed Natasha
  1586 | D:2      | Killed Natasha
  1587 | D:2      | Reached skill level 1 in Shields
  1587 | D:2      | Reached XP level 5. HP: 38/47 MP: 4/4
  1732 | D:2      | Noticed Natasha
  1738 | D:2      | Killed Natasha
  1986 | D:3      | Identified the +3 leather armour of Rycenugu {Str+4}
  2043 | D:3      | Noticed an ogre
  2050 | D:3      | Killed an ogre
  2051 | D:3      | Reached skill level 5 in Fighting
  2054 | D:3      | Reached XP level 6. HP: 34/56 MP: 5/5
  2400 | D:3      | Found a runed translucent door.
  2401 | D:3      | Noticed Crazy Yiuf
  2703 | D:3      | Found a blossoming altar of Fedhas.
  2707 | D:3      | Found a basalt altar of Yredelemnul.
  2807 | D:3      | Killed Crazy Yiuf
  3033 | D:1      | Bought a +0 hand crossbow of flaming for 83 gold pieces
  3125 | D:4      | Reached *** piety under Trog
  3458 | D:4      | Reached skill level 1 in Crossbows
  3515 | D:4      | Reached XP level 7. HP: 61/61 MP: 6/6
  3524 | D:4      | Reached skill level 6 in Axes
  4083 | D:5      | Entered Level 5 of the Dungeon
  4525 | D:5      | Found a bloodstained altar of Trog.
  4662 | D:5      | Reached skill level 5 in Armour
  4662 | D:5      | Reached XP level 8. HP: 70/70 MP: 7/7
  5809 | D:6      | Found a staircase to the Ecumenical Temple.
  5988 | D:6      | Reached skill level 5 in Dodging
  6369 | D:7      | Noticed Maggie
  6390 | D:7      | Killed Maggie
  6391 | D:7      | Reached skill level 7 in Axes
  6642 | D:7      | Found an opulent altar of Gozag.
  6648 | D:7      | Found a glowing silver altar of Zin.
  6681 | D:7      | Noticed Pikel
  6700 | D:7      | Killed Pikel
  6701 | D:7      | Reached skill level 5 in Shields
  6701 | D:7      | Reached XP level 9. HP: 60/79 MP: 8/8
  6915 | D:7      | Noticed Prince Ribbit
  6931 | D:7      | Killed Prince Ribbit
  8054 | D:8      | Reached skill level 8 in Axes
  8056 | D:8      | Reached skill level 5 in Crossbows
  8740 | D:8      | Noticed Erica
  8748 | D:8      | Killed Erica
  8749 | D:8      | Reached XP level 10. HP: 89/89 MP: 9/9
  8971 | D:8      | Noticed Gastronok
  8992 | D:8      | Killed Gastronok
  8993 | D:8      | Reached skill level 9 in Axes
  9537 | D:9      | Noticed Maurice
  9553 | D:9      | Killed Maurice
  9870 | D:9      | Noticed Psyche
  9883 | D:9      | Killed Psyche
  9993 | D:9      | Noticed a two-headed ogre
 10005 | D:9      | Killed a two-headed ogre
 10677 | D:9      | Found a staircase to the Lair.
 10766 | D:9      | Reached XP level 11. HP: 54/97 MP: 10/10
 11034 | D:9      | Reached **** piety under Trog
 11413 | D:10     | Entered Level 10 of the Dungeon
 11875 | D:10     | Noticed a two-headed ogre
 11882 | D:10     | Killed a two-headed ogre
 11883 | D:10     | Reached skill level 10 in Axes
 11952 | D:10     | Noticed a centaur warrior
 11957 | D:10     | Killed a centaur warrior
 12255 | D:10     | Noticed a +0 short sword
 12255 | D:10     | Noticed a +0 dagger
 12255 | D:10     | Noticed a +0 dagger
 12255 | D:10     | Noticed a +0 falchion
 12255 | D:10     | Noticed a +0 short sword
 12256 | D:10     | Noticed a +0 falchion
 12257 | D:10     | Noticed a +0 spear
 12258 | D:10     | Noticed a +0 spear
 12261 | D:10     | Found a hide-covered altar of Uskayaw.
 12470 | D:10     | Noticed a deep elf pyromancer
 12488 | D:10     | Killed a deep elf pyromancer
 12489 | D:10     | Reached skill level 10 in Fighting
 12854 | D:10     | Found a staircase to the Orcish Mines.
 12877 | D:11     | Identified a scroll of acquirement
 12877 | D:11     | Acquired 766 gold pieces
 13003 | D:11     | Noticed a deep elf pyromancer
 13044 | D:11     | Killed a deep elf pyromancer
 13045 | D:11     | Noticed a six-headed hydra
 13051 | D:11     | Killed a ten-headed hydra
 13471 | D:11     | Noticed a two-headed ogre
 13478 | D:11     | Killed a two-headed ogre
 13842 | D:11     | Noticed a two-headed ogre
 13853 | D:11     | Killed a two-headed ogre
 13854 | D:11     | Reached XP level 12. HP: 74/107 MP: 11/11
 14102 | D:11     | Reached skill level 11 in Axes
 14102 | D:11     | Reached skill level 10 in Armour
 14253 | D:11     | Noticed a two-headed ogre
 14262 | D:11     | Killed a two-headed ogre
 14265 | D:11     | Reached ***** piety under Trog
 14307 | D:11     | Noticed a two-headed ogre
 14322 | D:11     | Killed a two-headed ogre
 14912 | D:12     | Reached skill level 10 in Shields
 15150 | D:12     | Noticed Nergalle
 15160 | D:12     | Killed Nergalle
 15224 | D:12     | Noticed Erolcha
 15225 | D:12     | Noticed a two-headed ogre
 15230 | D:12     | Killed Erolcha
 15235 | D:12     | Killed a two-headed ogre
 15236 | D:12     | Reached skill level 10 in Dodging
 15338 | D:12     | Received a gift from Trog
 15614 | D:13     | Noticed a seven-headed hydra
 15619 | D:13     | Killed a seven-headed hydra
 15655 | D:13     | Noticed a death knight
 15667 | D:13     | Killed a death knight
 15986 | D:13     | Noticed a two-headed ogre
 15986 | D:13     | Noticed a centaur warrior
 15993 | D:13     | Killed a two-headed ogre
 15998 | D:13     | Killed a centaur warrior
 15999 | D:13     | Reached skill level 12 in Axes
 16002 | D:13     | Reached XP level 13. HP: 117/117 MP: 12/12
 16426 | D:13     | Slain by a hellwing

Illustrated notes

Levels and vault maps discovered:
D:1:      dpeg_arrival_castle, layout_rooms, serial_bayou,
          serial_bayou_lagoon_a, serial_bayou_pond_d, serial_bayou_ford_a,
          serial_bayou_pond_c, serial_shops, nicolae_diamond_shop
D:2:      layout_rooms, uniq_robin, uniq_natasha
D:3:      layout_loops_ring, minitemple, small_statue_intersection, st_stairs_9,
          uniq_crazy_yiuf_cottage
D:4:      layout_basic, small_statue_intersection, minmay_misc_feat_hallway,
          minmay_manual_mess
D:5:      layout_loops_corners, trog_ov_bears_minmay, serial_co_window_serial,
          co_window_paths_a, co_window_paths_a, co_window_paths_a,
          co_window_of_opportunity_a, co_window_corner_a, co_window_cross_4,
          co_window_of_opportunity_b, co_window_of_opportunity_c,
          co_window_corner_cb, co_window_broadway_a, co_window_corner_b,
          co_window_corner_b, co_window_4corner_a, co_window_paths_d,
          glass_columns_c, glass_columns_c, glass_columns_a, glass_columns_a,
          saegor_snake_ambush
D:6:      layout_cave_pools, minmay_temple_entry_waves
D:7:      layout_loops_ring, mainiacjoe_overflow_chevrons,
          amcnicky_altar_gilded, feat_on_display, uniq_maggie, uniq_pikel,
          uniq_prince_ribbit1
D:8:      layout_cave_pods, uniq_erica, uniq_gastronok
D:9:      layout_gridville, erik_lair_orcish_takeover,
          nicolae_elevator_lobby_asterisk, uniq_maurice, uniq_psyche
D:10:     layout_rooms, nicolae_uskayaw_en_pointe, hiddenorc1_lemuel
D:11:     minmay_polygon_palace, layout_rooms
D:12:     layout_rooms, uniq_nergalle, uniq_erolcha
D:13:     layout_roguey, serial_glass, glass_columns_a, glass_columns_a,
          grunt_decor_mini_mirrors, hangedman_devilish_allure

Skill      XL: |  1  2  3  4  5  6  7  8  9 10 11 12 |
---------------+-------------------------------------+-----
Axes           | 4 5 6 7 8 9 10 12 | 12.1
Fighting       | 4 5 6 7 8 9 10 11 | 11.9
Armour         | 3 4 5 6 7 8 9 11 | 11.2
Dodging        | 3 4 5 7 8 9 10 | 10.5
Shields        | 1 2 3 5 6 7 9 10 | 10.9
Crossbows      | 1 2 4 5 6 8 9 |  9.7

Action                   |  1- 3 |  4- 6 |  7- 9 | 10-12 | 13-15 || total
-------------------------+-------+-------+-------+-------+-------++-------
Melee: Hand axe          |    56 |    93 |   157 |       |       ||   306
       Headbutt          |    10 |    15 |    26 |    52 |     5 ||   108
       Punch             |     2 |       |       |       |       ||     2
       War axe           |       |       |       |    73 |       ||    73
       Broad axe         |       |       |       |   161 |    12 ||   173
 Fire: Hand crossbow     |       |    10 |   127 |   275 |    28 ||   440
Invok: Berserk           |     1 |     5 |     5 |    17 |       ||    28
       Trog's Hand       |       |       |       |     1 |       ||     1
  Use: Scroll            |       |       |       |    17 |     1 ||    18
Armor: Animal skin       |    16 |     1 |       |       |       ||    17
       Ring mail         |       |     4 |       |       |       ||     4
       Leather armour    |       |    15 |    68 |   115 |    15 ||   213
Dodge: Dodged            |    35 |    31 |   106 |   234 |    25 ||   431
Block: Buckler           |       |    12 |    37 |   131 |    25 ||   205
       Reflection        |       |       |       |     3 |     1 ||     4
